AoeStats
← GORGORY

Arabia

505752423Analyzed
1v1 RM · 23d ago on Sep 10, 2026· 33m 45s· 2 players
Game mode
Random Map
Map size
Tiny (2 player)
Population
200
Speed
Normal
Resources
Standard
Victory
Conquest
Starting age
Dark Age
Ending age
Imperial Age
RankedLock teamsTeams togetherTeam positionsShared explorationLock speedFull tech treeHidden civsTurbo modeCheats
Victory
Defeat
🇦🇷 Dravidians · Argentina
983
+17
🇦🇷 Ethiopians · Argentina
1015
-17
PNAL | Chino_ss
6:59 Loom
9:50 Feudal Age
13:02 Double-Bit Axe
12:58 Horse Collar
16:22 Fletching
16:32 Padded Archer Armor
24:41 Castle Age
23:07 Scale Mail Armor
25:23 Wheelbarrow
24:34 Town Watch
24:52 Pikeman
25:32 Squires
25:18 Arson
26:17 Bow Saw
27:07 Elite Skirmisher
28:14 Forging
28:19 Chain Mail Armor
29:04 Gold Mining
29:04 Stone Mining
30:32 Heavy Plow
35:15 Imperial Age
34:27 Hand Cart
34:12 Town Patrol
GORGORY
6:40 Loom
10:02 Feudal Age
10:47 Double-Bit Axe
11:15 Horse Collar
14:56 Wheelbarrow
20:31 Castle Age
21:22 Scale Barding Armor
21:43 Town Watch
Connection lost

Rejoining the realm…

Still unreachable

The connection could not be restored.

Session expired

The server has moved on; the page needs a fresh start.